 Dungeon Crawl Stone Soup version 0.29.1-2-gbd0b4ee654 (webtiles) character file.

Game seed: 17453489375838691959

14 GorkyZ the Chopper (level 2, -6/18 HPs)
             Began as a Gargoyle Gladiator on Nov 30, 2022.
             Mangled by Sigmund
             ... wielding a +2 scythe of freezing
              (10 damage)
             ... on level 2 of the Dungeon.
             The game lasted 00:01:24 (1102 turns).

GorkyZ the Chopper (Gargoyle Gladiator)             Turns: 1102, Time: 00:01:24

Health: -6/18      AC:  6    Str: 17    XL:     2   Next: 41%
Magic:  2/2        EV: 12    Int:  8    God:
Gold:   48         SH:  0    Dex: 11    Spells: 1/1 levels left

rFire   . . .      SeeInvis .   a - +0 war axe
rCold   . . .      Faith    .   (no shield)
rNeg    + . .      Spirit   .   b - +0 leather armour
rPois   ∞          Reflect  .   c - +0 helmet
rElec   +          Harm     .   (no cloak)
rCorr   .          Rampage  .   (no gloves)
Will    .....                   (no boots)
Stlth   +.........              (no amulet)
HPRegen 0.06/turn               (no ring)
MPRegen 0.08/turn               (no ring)

@: no status effects
A: sickness immunity, AC +2, negative energy resistance 1, electricity
resistance, torment resistance 1, petrification resistance
a: no special abilities


You were on level 2 of the Dungeon.
You visited 1 branch of the dungeon, and saw 2 of its levels.

You collected 48 gold pieces.

Inventory:

Hand Weapons
 a - a +0 war axe (weapon)
Missiles
 d - 3 throwing nets (quivered)
 e - a javelin
 i - 2 silver javelins
Armour
 b - a +0 leather armour (worn)
 c - a +0 helmet (worn)
Scrolls
 f - 2 scrolls of identify {unknown}
 g - a scroll of enchant weapon {unknown}
Potions
 h - a potion of might {unknown}


   Skills:
 + Level 2.3 Fighting
 + Level 2.7 Axes
 + Level 2.1 Throwing
 + Level 0.4 Armour
 + Level 2.5 Dodging
 + Level 0.3 Shields
 + Level 0.4 Evocations


You had one spell level left.
You didn't know any spells.
Your spell library was empty.

Dungeon Overview and Level Annotations

Branches:
Dungeon (2/15)

Altars:

Annotations:
D:2 Sigmund


Innate Abilities, Weirdness & Mutations

You are immune to sickness and miasma.
Your stone body is resilient. (AC +2)
You are immune to poison.
You resist negative energy. (rN+)
You are resistant to electric shocks. (rElec)
You are resistant to unholy torment.
You are immune to petrification.


Message History

Done exploring.
You see here a +0 club.
There is a stone staircase leading down here.
You climb downwards.
There is a stone staircase leading up here.
Found 4 stones.
A goblin comes into view. It is wielding a +0 club.
Found a scroll labelled IPNAMATSAE.
The goblin shouts!
You closely miss the goblin. The goblin hits you but does no damage.
You slash the goblin!
You kill the goblin!
No target in view!
No target in view!
No target in view!
No target in view!
No target in view!
No target in view!
No target in view!
No target in view!
No target in view!
No target in view!
No target in view!
No target in view!
Things that are here:
a +0 club; a goblin corpse
f - 2 scrolls labelled IPNAMATSAE (gained 1)
There is an open door here.
Sigmund the Dreaded comes into view.
He is wielding a +2 scythe of freezing.
Sigmund shouts!
Sigmund mumbles some strange words.
Sigmund flickers and vanishes!
Deactivating autopickup; reactivate with Ctrl-A.
Something hits you!
Ouch! That really hurt!
Something freezes you.
* * * LOW HITPOINT WARNING * * *
Something hits you!
Ouch! That really hurt!
You die...

#.#.####.# #.
#.#......#
#.##.########
#.##........#
#.#########.#
#.. #.# #.# #.#
###.#####.# #.#
#.....@{..# #.#
#.#.#########.#
#...........#
#..##########
#..# #... #.###
#.# #.#


There were no monsters in sight!

Vanquished Creatures
  2 endoplasms (D:1)
  2 goblins
  A hobgoblin (D:1)
  A quokka (D:1)
  A bat (D:1)
  2 frilled lizards (D:1)
  2 kobolds (D:1)
  3 rats (D:1)
14 creatures vanquished.

Notes
Turn   | Place    | Note
-------+----------+-------------------------------------------
     0 | D:1      | GorkyZ the Gargoyle Gladiator began the quest for the Orb.
     0 | D:1      | Reached XP level 1. HP: 12/12 MP: 1/1
   349 | D:1      | Reached XP level 2. HP: 17/17 MP: 2/2
  1099 | D:2      | Noticed Sigmund
  1102 | D:2      | Mangled by Sigmund

Illustrated notes

Levels and vault maps discovered:
D:1:      onia_arrival_mini_spirals, layout_rooms, serial_bayou_ford_a,
          kennysheep_boxes
D:2:      layout_basic, chequers_ecumenical_altar_simple, uniq_sigmund,
          uniq_robin

Skill      XL: |  1 |
---------------+----+-----
Throwing       | 2 |  2.1
Fighting       | |  2.3
Axes           | |  2.7
Armour         | |  0.4
Dodging        | |  2.5
Shields        | |  0.3
Evocations     | |  0.4

Action                   || total
-------------------------++-------
Melee: War axe           ||    48
Armor: Leather armour    ||    16
Dodge: Dodged            ||    31
